AoeStats
← Godlys

Black Forest

509077580Analyzed
3v3 RM · 7d ago on Sep 25, 2026· 55m 12s· 6 players
Game mode
Random Map
Map size
Normal (6 player)
Population
200
Speed
Normal
Resources
Standard
Victory
Conquest
Starting age
Dark Age
Ending age
Imperial Age
RankedLock teamsTeams togetherTeam positionsShared explorationLock speedFull tech treeHidden civsTurbo modeCheats
Victory
Defeat
🇺🇾 Saxons · Uruguay
1110
+13
🇹🇼 Persians · Taiwan
1060
+15
🇦🇺 Danes · Australia
1042
+14
🇳🇴 Byzantines · Norway
1036
-41
🇫🇷 Ethiopians · France
1030
-14
🇪🇸 Italians · Spain
1022
-14
Godlys
4:21 Loom
10:09 Feudal Age
10:40 Double-Bit Axe
11:22 Fishing Lines
20:33 Castle Age
21:05 Gillnets
21:43 Bow Saw
22:27 Scale Barding Armor
22:34 Forging
27:10 Husbandry
28:43 Horse Collar
29:43 Wheelbarrow
29:40 Heavy Plow
34:57 Imperial Age
33:28 Iron Casting
33:13 Chain Barding Armor
33:28 Iron Casting
33:13 Chain Barding Armor
32:36 Treadmill Crane
35:18 Scale Mail Armor
35:36 Squires
35:21 Arson
35:26 Heavy Camel Rider
35:39 Elite Varangian Guard
36:35 Logistica
37:17 Plate Barding Armor
36:58 Chain Mail Armor
41:14 Chemistry
41:04 Gambesons
48:33 Plate Mail Armor
Beuhfa
1:05 Loom
13:42 Feudal Age
24:34 Double-Bit Axe
26:03 Wheelbarrow
29:18 Castle Age
33:01 Horse Collar
34:24 Fletching
37:41 Bow Saw
39:23 Bodkin Arrow
41:50 Hand Cart
EastAdriano87
1:17 Loom
11:53 Feudal Age
13:15 Wheelbarrow
12:36 Double-Bit Axe
12:58 Man-at-Arms
18:54 Castle Age
17:11 Fletching
18:14 Horse Collar
19:00 Town Watch
19:50 Bow Saw
19:49 Heavy Plow
29:35 Imperial Age
27:09 Bodkin Arrow
27:58 Ballistics
28:12 Padded Archer Armor
30:20 Leather Archer Armor
30:39 Hand Cart
31:26 Chemistry
31:37 Two-Man Saw
31:30 Crop Rotation
32:20 Town Patrol
34:04 Bracer
35:40 Ring Archer Armor
38:00 Elite Genoese Crossbowman
49:30 Scale Barding Armor
49:36 Forging
49:29 Husbandry
49:57 Bloodlines
49:10 Light Cavalry
51:24 Chain Barding Armor
51:40 Iron Casting
51:16 Hussar
53:22 Plate Barding Armor
bandreol
0:30 Loom
10:01 Feudal Age
11:25 Double-Bit Axe
12:14 Man-at-Arms
16:16 Arson
16:47 Horse Collar
24:44 Fletching
29:57 Castle Age
27:51 Gold Mining
28:43 Stone Mining
30:24 Forging
31:19 Bow Saw
32:01 Squires
33:59 Guard Tower
37:28 Scale Mail Armor
38:03 Iron Casting
37:50 Masonry
39:22 Bodkin Arrow
40:53 Chain Mail Armor
41:55 Gambesons
42:16 Fishing Lines
44:29 Wheelbarrow
47:18 Hand Cart
53:48 Imperial Age
51:37 Heated Shot
51:58 Careening
52:14 Ballistics
51:50 Murder Holes
52:03 Treadmill Crane
52:46 Town Watch
54:38 Gold Shaft Mining
55:33 Plate Mail Armor
54:59 Elite Varangian Guard
yang
10:43 Feudal Age
12:28 Double-Bit Axe
14:56 Castle Age
12:41 Horse Collar
15:16 Wheelbarrow
20:47 Bow Saw
29:05 Imperial Age
27:27 Forging
27:20 Heavy Plow
27:37 Hand Cart
28:57 Iron Casting
28:28 Scale Barding Armor
28:36 Bloodlines
28:26 Husbandry
29:42 Chain Barding Armor
28:44 Cavalier
29:54 Gold Mining
30:09 Savar
32:16 Blast Furnace
31:52 Plate Barding Armor
36:18 Two-Man Saw
35:50 Crop Rotation
41:16 Fletching
41:28 Padded Archer Armor
40:58 Light Cavalry
42:41 Conscription
42:17 Hussar
50:10 Coinage
50:19 Gold Shaft Mining
49:50 Stone Mining
50:38 Kamandaran
50:37 Bodkin Arrow
50:59 Leather Archer Armor
53:03 Banking
52:48 Guilds
53:39 Stone Shaft Mining
54:27 Ring Archer Armor
Angusjack
0:51 Loom
12:19 Feudal Age
20:02 Castle Age
18:05 Double-Bit Axe
19:42 Gold Mining
19:57 Fletching
20:50 Stone Mining
21:56 Crossbowman
25:52 Horse Collar
30:04 Heavy Plow
31:55 Elite Skirmisher
32:34 Bodkin Arrow
34:00 Bow Saw
37:57 Imperial Age
36:03 Wheelbarrow
35:13 Town Watch
35:45 Forging
36:37 Thumb Ring
36:35 Padded Archer Armor
36:36 Scale Mail Armor
36:44 Gambesons
37:00 Squires
37:47 Ballistics
38:03 Leather Archer Armor
38:25 Iron Casting
39:08 Conscription
40:15 Chemistry
41:18 Arson
42:07 Bracer
44:25 Ring Archer Armor
44:56 Blast Furnace
44:14 Capped Ram
44:26 Elite Varangian Guard
45:27 Chain Mail Armor
47:19 Hamask
47:26 Pikeman
48:44 Siege Ram
53:08 Plate Mail Armor
Connection lost

Rejoining the realm…

Still unreachable

The connection could not be restored.

Session expired

The server has moved on; the page needs a fresh start.